 Dungeon Crawl Stone Soup version 0.27.1-1-g398f81649c (webtiles) character file.

Game seed: 7406318159416331178

1325 acemry the Changer (level 8, 0/48 HPs)
             Began as an Octopode Transmuter on Sept 7, 2021.
             Was an Initiate of Gozag.
             Slain by Pikel (6 damage)
             ... on level 7 of the Dungeon.
             The game lasted 00:14:44 (7361 turns).

acemry the Changer (Octopode Transmuter)            Turns: 7361, Time: 00:14:45

Health: 0/48       AC:  2    Str:  9    XL:     8   Next: 60%
Magic:  9/11       EV: 19    Int: 18    God:    Gozag
Gold:   418        SH:  0    Dex: 17    Spells: 3/11 levels left

rFire    . . .     SeeInvis .     - Unarmed
rCold    . . .     Faith    .   (shield currently unavailable)
rNeg     . . .     Spirit   .   (helmet currently unavailable)
rPois    x         Reflect  .   (no amulet)
rElec    .         Harm     .   (no ring)
rCorr    .         Rampage  .   (no ring)
Will     .....                  (no ring)
Stlth    ++........             (no ring)
HPRegen  0.16/turn              (no ring)
MPRegen  0.12/turn              (no ring)
                                (no ring)
                                (no ring)

@: spider-form
A: venomous fangs, almost no armour, (amphibious), 8 rings, tiny, (camouflage
1), (gelatinous body 1), (nimble swimmer 1), (tentacles)
a: End Transformation, Renounce Religion, Potion Petition, Call Merchant, Bribe
Branch


You were on level 7 of the Dungeon.
You worshipped Gozag.
Gozag was aware of your devotion.
You were a venomous arachnid creature.
You visited 1 branch of the dungeon, and saw 7 of its levels.

You collected 557 gold pieces.
You spent 67 gold pieces at shops.
You paid 72 gold pieces to Gozag.

Inventory:

Hand Weapons
 a - a +2 short sword of protection (melded)
 b - a +0 hunting sling
Missiles
 g - 123 stones
 j - 22 poisoned darts
 l - 7 atropa-tipped darts
Armour
 o - a +1 kite shield
Magical Staves
 v - a staff of conjuration
Scrolls
 h - a scroll of enchant armour
 i - a scroll of vulnerability {unknown}
 m - 4 scrolls of teleportation
 r - a scroll of enchant weapon
Potions
 c - 2 potions of haste
 d - 2 potions of attraction
 e - 3 potions of lignification
 f - 3 potions of curing
 k - 2 potions of heal wounds
 p - 2 potions of flight {unknown}
 q - 2 potions of brilliance {unknown}
 s - a potion of mutation {unknown}
 t - a potion of berserk rage {unknown}


   Skills:
 - Level 1.0 Fighting
 - Level 2.0 Dodging
 + Level 5.3 Unarmed Combat
 - Level 2.0 Spellcasting
 + Level 7.6 Transmutations
 * Level 3.0 Ice Magic
 + Level 4.8 Poison Magic


You had 3 spell levels left.
You knew the following spells:

 Your Spells              Type           Power      Damage    Failure   Level
a - Beastly Appendage     Tmut           58%        N/A       4%          1
b - Spider Form           Tmut/Pois      12%        N/A       13%         3
c - Ice Form              Ice/Tmut       20%        N/A       41%         4

Your spell library contained the following spells:

 Spells                   Type           Power      Damage    Failure   Level
 Wereblood                Tmut           29%        N/A       6%          2
 Freeze                   Ice            48%        1d7       16%         1
 Frozen Ramparts          Ice            24%        1d4       34%         3
 Blink                    Tloc           N/A        N/A       47%         2
 Hailstorm                Conj/Ice       7%         3d4       85%         4
 Manifold Assault         Tloc           1%         N/A       100%        5
 Storm Form               Tmut/Air       7%         N/A       100%        7


Dungeon Overview and Level Annotations

Branches:
Dungeon (7/15)             Temple (0/1) D:6

Altars:
Gozag
The Shining One

Shops:
D:5 [[

Annotations:
D:7 Pikel


Innate Abilities, Weirdness & Mutations

You are a venomous arachnid creature.
You have poisonous fangs.
You are tiny and dextrous.
Your spellcasting is less reliable in this form.
Your armour is entirely melded.
You are incapable of wielding weapons or throwing items.
You cannot wear most types of armour.
((You are amphibious.))
You can wear up to eight rings at the same time.
((Your skin changes colour to match your surroundings (Stealth+).))
((Your rubbery body absorbs attacks. (AC +1, EV +1)))
((You are camouflaged near water. (Stealth+)))
((You have tentacles for arms and can constrict up to eight enemies at once.))


Message History

Your +2 short sword of protection melds into your body.
Your +2 short sword of protection goes still.
The lemure shouts!
You hear a shout! x2
Pikel the Slaver comes into view.
He is wielding a +2 whip of electrocution.
You hit the lemure.
The lemure is poisoned.
The lemure is moderately wounded.
The lemure barely misses you.
You hit the lemure but do no damage.
The lemure is moderately wounded.
The lemure hits you!
You barely miss the lemure.
The lemure is moderately wounded.
The lemure misses you.
You hit the lemure.
The lemure looks as sick as possible!
The lemure is heavily wounded.
You hit Pikel but do no damage.
Pikel is poisoned.
You barely miss Pikel.
Pikel hits you with a +2 whip of electrocution.
You hit Pikel.
Pikel looks as sick as possible!
Pikel is lightly wounded.
You hit Pikel.
Pikel is lightly wounded.
Pikel hits you with a +2 whip of electrocution.
You hit Pikel but do no damage.
Pikel looks as sick as possible!
Pikel is moderately wounded.
Pikel closely misses you.
You barely miss Pikel.
Pikel is moderately wounded.
Pikel closely misses you.
You hit Pikel.
Pikel looks as sick as possible!
Pikel is moderately wounded.
Pikel says, "You'll feel the lick of my whip!"
Pikel hits you with a +2 whip of electrocution!
You are electrocuted!
* * * LOW HITPOINT WARNING * * *
You hit Pikel.
Pikel is heavily wounded.
Pikel hits you with a +2 whip of electrocution.
You die...
Your body crumbles into a pile of gold.

# .#
#######.
#...#55
#.#.#K#
#.#.#s####
#..<.....#
#......[..#
#......####
#......#
#......#
#......#
#.#....#
#.#....#


You could see Pikel (extremely poisoned) and 2 lemures.

Vanquished Creatures
  2 ice beasts (D:6)
  2 black bears
  A sky beast (D:6)
  2 ogres
  A bullfrog (D:6)
  A wyvern zombie (D:6)
  A water moccasin skeleton (D:4)
  2 hounds
  A bullfrog skeleton (D:5)
  An orc priest (D:5)
  3 centaur skeletons
  2 iguanas
  3 orc wizards
  A howler monkey skeleton (D:6)
  10 adders
  3 white imps
  2 ufetubi
  An adder skeleton (D:4)
  A worm (D:2)
  3 dart slugs
  7 orcs
  7 ball pythons
  5 endoplasms
  3 giant cockroaches
  3 hobgoblins
  4 jackals (D:3)
  6 kobolds
  A quokka (D:2)
  A bat (D:2)
  4 frilled lizards
  7 goblins
  4 rats (D:3)
95 creatures vanquished.

Notes
Turn   | Place    | Note
-------+----------+-------------------------------------------
     0 | D:1      | acemry the Octopode Transmuter began the quest for the Orb.
     0 | D:1      | Reached XP level 1. HP: 13/13 MP: 3/3
   729 | D:1      | Reached XP level 2. HP: 12/18 MP: 3/5
  1260 | D:2      | Reached skill level 3 in Transmutations
  1665 | D:2      | Reached XP level 3. HP: 23/23 MP: 4/6
  1669 | D:2      | Learned a level 3 spell: Spider Form
  1685 | D:2      | Found a glowing golden altar of the Shining One.
  2178 | D:3      | Reached skill level 4 in Transmutations
  2178 | D:3      | Reached skill level 1 in Poison Magic
  2178 | D:3      | Reached XP level 4. HP: 28/28 MP: 4/7
  2957 | D:3      | Reached XP level 5. HP: 33/33 MP: 5/8
  3139 | D:4      | Reached skill level 5 in Transmutations
  3419 | D:4      | Reached XP level 6. HP: 36/38 MP: 7/9
  3503 | D:4      | Found an opulent altar of Gozag.
  3510 | D:4      | Reached skill level 6 in Transmutations
  3627 | D:4      | Noticed a black bear
  3647 | D:4      | Killed a black bear
  3648 | D:4      | Reached XP level 7. HP: 34/43 MP: 7/10
  3816 | D:4      | Learned a level 4 spell: Ice Form
  4228 | D:5      | Entered Level 5 of the Dungeon
  4288 | D:4      | Became a worshipper of Gozag Ym Sagoz the Greedy
  4324 | D:5      | Found Ulloeth's Armour Shop.
  4325 | D:5      | Found Edobrurch's Armour Emporium.
  4382 | D:5      | Bought a +0 kite shield for 67 gold pieces
  4465 | D:5      | Reached skill level 1 in Ice Magic
  4658 | D:5      | Reached skill level 7 in Transmutations
  5610 | D:6      | Found a staircase to the Ecumenical Temple.
  5729 | D:6      | Reached XP level 8. HP: 48/48 MP: 7/11
  6881 | D:6      | Reached skill level 5 in Unarmed Combat
  7348 | D:7      | Noticed Pikel
  7361 | D:7      | Slain by Pikel

Illustrated notes

Levels and vault maps discovered:
D:1:      minmay_arrival_stone_box, layout_basic
D:2:      layout_rooms, basic_altar, minivault_27
D:3:      layout_loops_cross
D:4:      layout_cave_pools, mainiacjoe_overflow_24_doors, serial_column_ruins,
          column_ruins_pillar_6, column_ruins_pillar_10, column_ruins_pillar_7,
          column_ruins_pillar_6, column_ruins_pillar_3, column_ruins_pillar_7,
          column_ruins_pillar_12, column_ruins_pillar_9, column_ruins_pillar_1,
          column_ruins_pillar_1, column_ruins_pillar_9, column_ruins_pillar_9,
          column_ruins_pillar_2, column_ruins_pillar_9, column_ruins_pillar_2,
          column_ruins_pillar_7
D:5:      layout_basic, nicolae_wooded_promenade,
          chequers_serial_rivers_micro_c, chequers_decorated_corner,
          minmay_fountain_box
D:6:      layout_basic, minmay_temple_entry_arrows, nicolae_underground_beach
D:7:      layout_basic, kennysheep_mini_moat,
          mainiacjoe_overflow_six_doors_small, kennysheep_mini,
          gammafunk_ghost_smash, enter_bailey_4, kennysheep_generic_room_10,
          uniq_pikel

Skill      XL: |  1  2  3  4  5  6  7  8 |
---------------+-------------------------+-----
Transmutations | 3 4 5 6 7 |  7.6
Poison Magic   | 1 2 3 4 |  4.8
Ice Magic      | 1 3 |  3.0
Unarmed Combat | 4 5 |  5.3
Fighting       | |  1.0
Dodging        | |  2.0
Spellcasting   | |  2.0

Action                   |  1- 3 |  4- 6 |  7- 9 || total
-------------------------+-------+-------+-------++-------
Melee: Unarmed           |     9 |    12 |   157 ||   178
       Constrict         |    15 |    16 |     1 ||    32
       Kick              |    10 |    20 |     5 ||    35
       Short sword       |    39 |    65 |    20 ||   124
       Tentacles         |     9 |    10 |     2 ||    21
       Punch             |       |       |     1 ||     1
Throw: Dart              |       |     2 |       ||     2
 Cast: Beastly Appendage |    28 |    22 |     4 ||    54
       Spider Form       |       |     3 |    24 ||    27
  Use: Scroll            |     1 |       |    10 ||    11
       Potion            |       |       |     1 ||     1
 Stab: Sleeping          |     3 |     2 |       ||     5
Armor: Skin              |     9 |    25 |    26 ||    60
Dodge: Dodged            |    31 |    66 |   172 ||   269
